 Dungeon Crawl Stone Soup version 0.16-a0-783-gf476f6a (webtiles) character file.

7 RobertPalmer the Ogre Mage (level 2, 20/24 HPs)
             Began as an Ogre Wizard on Sept 26, 2014.
             Got out of the dungeon alive.
             The game lasted 00:01:18 (500 turns).

RobertPalmer the Ogre Mage (Ogre Wizard)             Turns: 500, Time: 00:01:18

HP  20/24        AC  3     Str 11      XL: 2   Next:  4%
MP   6/6         EV 10     Int 17      God:
Gold 28          SH  0     Dex  8      Spells:  1 memorised,  7 levels left

rFire  . . .     SeeInvis .     k - +1 spear (venom)
rCold  . . .     Clarity  .     a - +0 robe
rNeg   . . .     rCorr    .     (shield restricted)
rPois  .         rRot     .     b - +0 hat
rElec  .         Spirit   .     (no cloak)
SustAb .         Warding  .     (gloves unavailable)
rMut   .         Stasis   .     (boots unavailable)
Gourm  .                        (no amulet)
MR     .....                    (no ring)
                                (no ring)

@: not resistant to hostile enchantments, very unstealthy
A: unfitting armour, tough skin 1
a: no special abilities


You escaped.
You were not hungry.

You visited 1 branch of the dungeon, and saw 1 of its levels.

You collected 28 gold pieces.


Innate Abilities, Weirdness & Mutations

You are too large for most types of armour.
You have tough skin (AC +1).


   Skills:
 + Level 1.5 Maces & Flails
 - Level 2.1 Dodging
 - Level 1.5 Stealth
 - Level 3.6 Spellcasting
 - Level 0.6 Conjurations
   Level 0.6 Summonings
   Level 0.6 Translocations


You had 7 spell levels left.
You knew the following spells:

 Your Spells              Type           Power        Failure   Level  Hunger
z - Magic Dart            Conj           #...         14%         1    None

Inventory:

Hand weapons
 h - a +0 club
 k - a +1 spear of venom (weapon)
Armour
 a - a +0 robe (worn)
 b - a +0 hat (worn)
Comestibles
 d - a meat ration
 j - 2 bread rations
Scrolls
 e - a scroll of fog {unknown}
 i - a scroll of teleportation {unknown}
 m - a scroll of magic mapping {unknown}
Potions
 g - a potion of haste {unknown}
 l - 2 potions of magic {unknown}
Books
 c - a book of Minor Magic

Dungeon Overview and Level Annotations

Branches:
Dungeon (1/15)

Altars:

# #######
.####.....#######
#.#.#.#.#.#.#.#.##
.................#
#.#.#.#.#.#.#.#.##
.........%..(..g@#
#.#.#.#.#.#.#.#.##
#.#####.#######.#
........# #.##
######..# #..#
#..########.# #
#........##.# #
#.######.##.# ###
#.# #.##.#


You could see a gnoll.


Message History

The kobold is moderately wounded.
The kobold hits you.
You barely miss the kobold.
The kobold is moderately wounded.
The giant cockroach closely misses you. The kobold hits you but does no damage.
The giant cockroach bites you but does no damage.
A gnoll comes into view. It is wielding a flail.
You closely miss the kobold.
The kobold is moderately wounded.
The kobold hits you. The giant cockroach barely misses you.
The kobold hits you.
You hit the kobold.
The kobold looks even sicker.
The kobold is heavily wounded.
You kill the kobold!
Your Maces & Flails skill increases to level 1!
The giant cockroach bites you but does no damage.
You hit the giant cockroach.
The giant cockroach is poisoned.
The giant cockroach is heavily wounded.
You kill the giant cockroach!
You have reached level 2!
All of the chunks of flesh in your inventory have rotted away.
A giant newt comes into view.
The giant newt moves out of view.
You see here a rat corpse.
You see here a hobgoblin skeleton.
You see here 15 stones.
There is a staircase leading out of the dungeon here.
Are you sure you want to leave the Dungeon?
This will make you lose the game! The gnoll hits you but does no damage.
You have escaped!

Action                   || total
-------------------------++-------
Melee: Unarmed           ||    11
       Spear             ||     6
       Club              ||     2
 Cast: Magic Dart        ||     8

Vault maps used:
D:1:      dpeg_arrival_simpleton_b, st_stairs_13

Notes
Turn   | Place    | Note
--------------------------------------------------------------
     0 | D:1      | RobertPalmer, the Ogre Wizard, began the quest for the Orb.
     0 | D:1      | Reached XP level 1. HP: 16/16 MP: 4/4
    48 | D:1      | Reached skill level 2 in Dodging
   442 | D:1      | Reached skill level 1 in Maces & Flails
   443 | D:1      | Reached XP level 2. HP: 16/24 MP: 6/6
   500 | D:$      | Got out of the dungeon alive.

Vanquished Creatures
  A giant cockroach (D:1)
  A goblin (D:1)
  2 hobgoblins (D:1)
  A kobold (D:1)
  A rat (D:1)
6 creatures vanquished.
